 Dungeon Crawl Stone Soup version 0.28-a0-1389-gc726bef33b (webtiles) character file.

Game seed: 4224573857288510474

522 JamezByez the Poker (level 7, -2/61 HPs)
             Began as a Minotaur Berserker on Jan 3, 2022.
             Was a Priest of Trog.
             Succumbed to an orc's poison
             ... on level 4 of the Dungeon.
             The game lasted 00:05:22 (4101 turns).

JamezByez the Poker (Minotaur Berserker)            Turns: 4101, Time: 00:05:23

Health: -2/61      AC:  6    Str: 24    XL:     7   Next: 1%
Magic:  6/6        EV:  6    Int:  4    God:    Trog [***...]
Gold:   189        SH:  0    Dex:  9    Spells: 6/6 levels left

rFire   . . .      SeeInvis .   a - +0 spear
rCold   . . .      Faith    .   (no shield)
rNeg    . . .      Spirit   .   h - +0 ring mail
rPois   .          Reflect  .   (helmet restricted)
rElec   .          Harm     .   (no cloak)
rCorr   .          Rampage  .   (no gloves)
Will    +++..                   (no boots)
Stlth   +.........              (no amulet)
HPRegen 1.20/turn               m - ring of willpower
MPRegen 0.10/turn               (no ring)

@: lethally poisoned (-2 -> -11), strong-willed, on berserk cooldown, held,
regenerating, slowed, very slow
A: horns 2, retaliatory headbutt
a: Renounce Religion, Berserk, Trog's Hand


You were on level 4 of the Dungeon.
You worshipped Trog.
Trog was most pleased with you.
You visited 2 branches of the dungeon, and saw 5 of its levels.

You collected 189 gold pieces.

Inventory:

Hand Weapons
 a - a +0 spear (weapon)
Armour
 b - a +0 animal skin
 h - a +0 ring mail (worn)
Jewellery
 m - a ring of willpower (left hand)
Scrolls
 c - 2 scrolls of identify {unknown}
 e - 2 scrolls of fear {unknown}
 f - 2 scrolls of enchant armour {unknown}
 g - a scroll of amnesia {unknown}
 j - 2 scrolls of teleportation {unknown}
 k - 2 scrolls of enchant weapon {unknown}
Potions
 d - a potion of attraction {unknown}
 i - a potion of heal wounds {unknown}
 l - a potion of resistance {unknown}
 n - a potion of mutation {unknown}


   Skills:
 + Level 5.0 Fighting
 + Level 6.5 Polearms
 + Level 4.5 Armour
 + Level 3.3 Dodging
 + Level 2.5 Stealth


You had 6 spell levels left.
You didn't know any spells.
Your spell library was empty.

Dungeon Overview and Level Annotations

Branches:
Dungeon (4/15)             Temple (1/1) D:4

Altars:
Cheibriados
Elyvilon
Gozag
Hepliaklqana
Kikubaaqudgha
Makhleb
Okawaru
Qazlal
Ru
Trog
Vehumet
Wu Jian
Xom
Zin
The Shining One


Innate Abilities, Weirdness & Mutations

You have a pair of horns on your head.
You reflexively headbutt those who attack you in melee.


Message History

You hit the gnoll. Your headbutt misses the gnoll.
The gnoll is heavily wounded.
The gnoll hits you but does no damage.
You closely miss the gnoll. Your headbutt misses the gnoll.
The gnoll is heavily wounded.
The gnoll hits you with a +0 whip. The orc hits you but does no damage.
You are poisoned.
You barely miss the gnoll.
The gnoll is heavily wounded.
You feel very sick. The gnoll hits you with a +0 whip.
The orc hits you but does no damage. The gnoll hits you with a +0 whip.
* * * LOW HITPOINT WARNING * * *
Unknown command.
You hit the gnoll but do no damage. Your headbutt misses the gnoll.
The gnoll is heavily wounded.
You feel very sick. The orc hits you but does no damage.
You are more poisoned.
The gnoll hits you but does no damage.
You hit the gnoll but do no damage.
The gnoll is heavily wounded.
* * * LOW HITPOINT WARNING * * *
You feel very sick.
The gnoll throws a throwing net.
The throwing net closely misses you. The orc hits you but does no damage.
The gnoll barely misses you.
You hit the gnoll but do no damage. You headbutt the gnoll.
The gnoll is heavily wounded.
* * * LOW HITPOINT WARNING * * *
You feel sick.
The orc hits you with a +0 dagger of venom.
* * * LOW HITPOINT WARNING * * *
You are lethally poisoned!
The gnoll hits you with a +0 whip.
* * * LOW HITPOINT WARNING * * *
The gnoll throws a throwing net.
The throwing net hits you.
You become entangled in the net!
Your skin crawls.
You feel strong-willed.
You die...

...≈≈≈.# ...≈≈≈.#.'
...≈≈###'# .
..P≈≈#.go#############''
...≈≈#ggg#..............
...≈≈#####≈≈≈≈≈≈gogg≈≈..
...≈≈≈≈≈≈≈≈≈≈≈≈≈≈≈≈≈≈≈..
...≈≈≈≈≈≈≈≈≈≈≈≈≈≈≈go≈≈..
............(.))@ghoog..
########.....####o#####.
#............
#....[####.##.# #.....#
.# .. ###.### .. .. ..#
## # #.## ##


You could see 6 gnolls, 5 orcs and a jackal.

Vanquished Creatures
  An ogre (D:4)
  2 scorpions (D:4)
  2 howler monkeys (D:4)
  An orc priest (D:4)
  2 hounds (D:4)
  2 orc wizards (D:4)
  A gnoll (D:4)
  2 adders (D:4)
  A worm (D:2)
  3 dart slugs
  3 orcs (D:4)
  8 endoplasms
  4 giant cockroaches
  2 hobgoblins
  15 jackals
  4 kobolds
  4 quokkas
  4 ball pythons
  5 bats
  3 frilled lizards
  4 goblins
  7 rats
80 creatures vanquished.

Vanquished Creatures (others)
  4 plants (D:4)
4 creatures vanquished.

Grand Total: 84 creatures vanquished

Notes
Turn   | Place    | Note
-------+----------+-------------------------------------------
     0 | D:1      | JamezByez the Minotaur Berserker began the quest for the
                  | Orb.
     0 | D:1      | Reached XP level 1. HP: 19/19 MP: 0/0
   181 | D:1      | Reached skill level 4 in Polearms
   242 | D:1      | Reached XP level 2. HP: 27/27 MP: 1/1
   585 | D:1      | Reached ** piety under Trog
   831 | D:1      | Reached XP level 3. HP: 33/33 MP: 2/2
  1438 | D:2      | Found a faded altar of an unknown god.
  2082 | D:3      | Found a glowing golden altar of the Shining One.
  2084 | D:3      | Found a white marble altar of Elyvilon.
  2434 | D:4      | Reached XP level 4. HP: 36/40 MP: 3/3
  2450 | D:4      | Reached skill level 1 in Stealth
  2471 | D:4      | Noticed a scorpion
  2477 | D:4      | Killed a scorpion
  2478 | D:4      | Reached skill level 5 in Polearms
  2818 | D:4      | Noticed a scorpion
  2827 | D:4      | Killed a scorpion
  2828 | D:4      | Reached XP level 5. HP: 45/47 MP: 4/4
  2870 | D:4      | Found a staircase to the Ecumenical Temple.
  2884 | D:4      | Reached XP level 6. HP: 53/53 MP: 5/5
  2902 | Temple   | Entered the Ecumenical Temple
  3324 | D:4      | Reached skill level 6 in Polearms
  3682 | D:4      | Reached *** piety under Trog
  4095 | D:4      | Reached skill level 5 in Fighting
  4095 | D:4      | Reached XP level 7. HP: 27/61 MP: 6/6
  4100 | D:4      | HP: 2/61 [gnoll (6)]
  4101 | D:4      | Succumbed to an orc's poison

Illustrated notes

Levels and vault maps discovered:
D:1:      eino_arrival_cavern_d, layout_loops_ring, minmay_misc_feat_five,
          minmay_misc_feat_alley, minmay_pentomino_t2
D:2:      layout_basic, shapermc_ecumenical_altar_mp_highgroup
D:3:      layout_rooms, chequers_temple_overflow_statue_of_worship,
          wad_floor_pattern_1
D:4:      lemuel_castle_with_subvaults [lemuel_castle_interior_carwin_1],
          layout_loops_cross, mainiacjoe_overflow_brackets, temple_green
Temple:   oiseaux_autumnal_temple

Skill      XL: |  1  2  3  4  5  6 |
---------------+-------------------+-----
Polearms       | 4 5 6 |  6.5
Fighting       | 4 5 |  5.0
Stealth        | 1 2 |  2.5
Armour         | 3 4 |  4.5
Dodging        | 3 |  3.3

Action                   |  1- 3 |  4- 6 |  7- 9 || total
-------------------------+-------+-------+-------++-------
Melee: Spear             |   145 |    95 |     6 ||   246
       Headbutt          |    22 |    23 |     1 ||    46
Invok: Berserk           |       |     3 |       ||     3
       Trog's Hand       |       |       |     1 ||     1
 Stab: Sleeping          |     3 |       |       ||     3
       Distracted        |       |     1 |       ||     1
Armor: Animal skin       |     4 |       |       ||     4
       Ring mail         |    16 |    22 |     6 ||    44
Dodge: Dodged            |    53 |    32 |     2 ||    87

Table legend: (Time is in decaauts)
 A = Elapsed time spent in this place.
 B = Non-inter-level travel time spent in this place.
 C = Inter-level travel time spent in this place.
 D = Time resting spent in this place.
 E = Time spent auto-exploring this place.
 F = Levels seen in this place.
 G = Mean time per level.
                   A        B        C        D        E       F      G
               +--------+--------+--------+--------+--------+-----+--------+
         Total |   4098 |   4034 |     64 |    837 |   2494 |   5 |  819.6 |
       Dungeon |   3755 |   3691 |     64 |    837 |   2194 |   4 |  938.8 |
        Temple |    343 |    343 |      0 |      0 |    300 |   1 |  343.0 |
               +--------+--------+--------+--------+--------+-----+--------+

Top non-repeatable levels by time:
     D:4: 1350 daAuts
     D:1: 1036 daAuts
     D:2: 971 daAuts
     D:3: 397 daAuts
  Temple: 343 daAuts
